 Dungeon Crawl Stone Soup version 0.31.0-11-ge490571c62 (webtiles) character file.

Game seed: 9545303859071361950

197 Arctor the Magician (level 5, -4/28 HPs)
             Began as a Deep Elf Air Elementalist on Jan 30, 2024.
             Was a Follower of Ru.
             Slain by a sleepcap (20 damage)
             ... on level 4 of the Dungeon.
             The game lasted 00:03:27 (3155 turns).

Arctor the Magician (Deep Elf Air Elementalist)     Turns: 3155, Time: 00:03:27

Health: -4/28      AC:  6    Str:  5    XL:     5   Next: 46%
Magic:  10/13      EV:  2    Int: 19    God:    Ru [*.....]
Gold:   230        SH:  0    Dex: 15    Spells: 9/12 levels left

rFire   . . .        k - +2 falchion (holy)
rCold   . . .        (no shield)
rNeg    + + .        a - +0 robe
rPois   .            (no helmet)
rElec   +            (no cloak)
rCorr   .            (no gloves)
SInv    .            (no boots)
Will    .....        (no amulet)
Stlth   +++          h - ring "Sanoy" {rElec rN++ AC+4 Int-3 Slay+2}
HPRegen 0.24/turn    (no ring)
MPRegen 0.13/turn

%: inaccuracy (-5)
@: sleeping
A: missing an eye
a: Renounce Religion


You were on level 4 of the Dungeon.
You worshipped Ru.
Ru was aware of your devotion.
You visited 1 branch of the dungeon, and saw 4 of its levels.

You collected 230 gold pieces.

Inventory:

Hand Weapons
 k - a +2 falchion of holy wrath (weapon)
Armour
 a - a +0 robe (worn)
Jewellery
 h - the ring "Sanoy" (left hand) {rElec rN++ AC+4 Int-3 Slay+2}
   (You found it on level 2 of the Dungeon)

   [ring of protection]

   AC+4:      It affects your AC (+4).
   Int-3:     It affects your intelligence (-3).
   Slay+2:    It affects your accuracy & damage with ranged weapons and melee
   (+2).
   rElec:     It insulates you from electricity.
   rN++:      It greatly protects you from negative energy.
 n - a ring of wizardry
Scrolls
 c - 2 scrolls of amnesia {unknown}
 e - a scroll of brand weapon {unknown}
 g - a scroll of noise {unknown}
 i - 3 scrolls of identify {unknown}
 j - a scroll of revelation {unknown}
 m - a scroll of teleportation {unknown}
Potions
 b - 2 potions of magic
 d - 5 potions of lignification {unknown}
 f - 3 potions of curing {unknown}
 l - a potion of degeneration {unknown}


   Skills:
 + Level 3.7 Dodging
 + Level 3.9 Stealth
 + Level 4.3 Spellcasting
 + Level 2.8 Conjurations
 + Level 3.8 Air Magic


You had 9 spell levels left.
You knew the following spells:

 Your Spells              Type           Power      Damage    Failure   Level
a - Shock                 Conj/Air       64%        1d7       3%          1
b - Static Discharge      Conj/Air       32%        3-5/arc   4%          2

Your spell library contained the following spells:

 Spells                   Type           Power      Damage    Failure   Level
 Swiftness                Air            18%        N/A       9%          3
 Airstrike                Air            9%         2d(2-18)  26%         4
 Conjure Ball Lightning   Conj/Air       8%         3x3d6     99%         6
 Discord                  Hex            2%         N/A       100%        8
 Disjunction              Tloc           2%         N/A       100%        8


Dungeon Overview and Level Annotations

Branches:
Dungeon (4/15)
 Temple: D:4-7

Altars:
Ru
Trog
Uskayaw


Innate Abilities, Weirdness & Mutations

You are missing an eye, making it more difficult to aim.


Message History

The sleepcap is moderately damaged.
The sleepcap closely misses you. The orc hits you with a +0 club.
The sleepcap closely misses you.
You hit the sleepcap.
The sleepcap is moderately damaged.
The sleepcap releases spores at you.
Unknown command.
The sleepcap attacks as it pursues you! The sleepcap barely misses you.
Casting: Shock (safe; 3% risk of failure)
Confirm with . or Enter, or press ? or * to list all spells.
Aiming: Shock (safe; 3% risk of failure)
Press: ? - help, Shift-Dir - straight line, f - sleepcap
Aim: a sleepcap (moderately damaged, 100% to hit)
The zap hits the sleepcap.
The sleepcap is heavily damaged.
The zap hits the orc.
The orc is almost dead.
The zap misses the orc.
The zap hits the orc.
The orc is severely wounded.
The orc shouts!
The sleepcap closely misses you.
There are monsters nearby!
The zap hits the sleepcap.
The sleepcap is severely damaged.
The zap hits the orc.
You kill the orc!
The zap hits the orc.
You kill the orc!
The sleepcap is stunned by your conviction and fails to attack.
The zap hits the sleepcap.
The sleepcap is severely damaged.
The zap hits the orc!
You kill the orc!
The sleepcap releases spores at you.
You are engulfed in a cloud of soporific spores!
You fall asleep.
The sleepcap is stunned by your conviction and fails to attack.
The sleepcap releases spores at you!!
Ouch! That really hurt!
You die...

.## ...# ###..#
.... ##..######
##.####........#.
.......†........>
#@.....#.#.#
#f#.........
......oo##<#...(.
.......)##.# ....
........##.# ..
##...##.##.#
..... #.##o# #...
#....# #...
.).###


You could see a sleepcap and 2 orcs.

Vanquished Creatures
  Jessica (D:3)
  A sleepcap (D:3)
  6 adders
  2 ribbon worms (D:3)
  2 dart slugs (D:3)
  9 orcs
  3 ball pythons
  7 endoplasms
  3 giant cockroaches
  4 goblins
  7 hobgoblins
  4 jackals (D:2)
  3 kobolds
  A quokka (D:3)
  8 bats
  5 frilled lizards
  5 rats
71 creatures vanquished.

Notes
Turn   | Place    | Note
-------+----------+-------------------------------------------
     0 | D:1      | Arctor the Deep Elf Air Elementalist began the quest for
                  | the Orb.
     0 | D:1      | Reached XP level 1. HP: 10/10 MP: 6/6
   233 | D:1      | Reached XP level 2. HP: 15/15 MP: 6/8
   579 | D:1      | Found a faded altar of an unknown god.
   603 | D:1      | Prayed at the altar of an unknown god.
   603 | D:1      | Became a worshipper of Ru the Awakened
   691 | D:1      | Gained mutation: You are missing an eye, making it more
                  | difficult to aim. [Ru sacrifice]
   691 | D:1      | Reached * piety under Ru
  1093 | D:2      | Identified the ring "Sanoy" {rElec rN++ AC+4 Int-3 Slay+2}
  1301 | D:2      | Reached XP level 3. HP: 19/19 MP: 7/9
  1694 | D:2      | Found a hide-covered altar of Uskayaw.
  1703 | D:2      | Learned a level 2 spell: Static Discharge
  2105 | D:3      | Noticed Jessica
  2107 | D:3      | Reached XP level 4. HP: 24/24 MP: 9/11
  2114 | D:3      | Killed Jessica
  2404 | D:3      | Reached skill level 4 in Spellcasting
  2604 | D:3      | Found a bloodstained altar of Trog.
  2715 | D:3      | Reached XP level 5. HP: 26/28 MP: 11/13
  3155 | D:4      | Slain by a sleepcap

Illustrated notes

Levels and vault maps discovered:
D:1:      dpeg_arrival_rhombus, layout_basic, chequers_ecumenical_altar_twisty,
          minmay_crystal_room, minmay_tree_intersection, nrook_campfire,
          minmay_misc_feat_five
D:2:      layout_loops_cross, basic_altar
D:3:      minmay_octagon_keep, layout_basic, mainiacjoe_overflow_alcove_4,
          wad_floor_pattern_untrapped, uniq_jessica
D:4:      cheibrodos_old_hovel, layout_basic, elyvilon_altar_4,
          tgw_kikubaaqudgha, minivault_27

Skill      XL: |  1  2  3  4 |
---------------+-------------+-----
Stealth        | 3 |  3.9
Dodging        | 3 |  3.7
Conjurations   | 2 |  2.8
Spellcasting   | 4 |  4.3
Air Magic      | |  3.8

Action                     |  1- 3 |  4- 6 || total
---------------------------+-------+-------++-------
  Melee: Unarmed           |     2 |       ||     2
         Falchion          |    22 |    61 ||    83
   Cast: Shock             |    73 |    63 ||   136
 Invoke: Sacrifice an Eye  |     1 |       ||     1
   Stab: Distracted        |     1 |       ||     1
         Sleeping          |       |     1 ||     1
 Armour: Robe              |    23 |    70 ||    93
  Dodge: Dodged            |    38 |    82 ||   120
